 Dungeon Crawl Stone Soup version 0.21-a0-513-gdcb3f5e (webtiles) character file.

227 Gildeon the Magician (level 5, -3/41 HPs)
             Began as a Demigod Ice Elementalist on Dec 1, 2017.
             Slain by a gnoll
             ... wielding a +0 halberd
              (13 damage)
             ... on level 2 of the Dungeon.
             The game lasted 00:17:04 (2456 turns).

Gildeon the Magician (Demigod Ice Elementalist)     Turns: 2456, Time: 00:17:05

Health: -3/41      AC:  3    Str: 11    XL:     5   Next: 42%
Magic:  10/15      EV: 12    Int: 21    God:
Gold:   88         SH:  0    Dex: 16    Spells: 0/14 levels left

rFire    + . .     SeeInvis .   i - +2 dagger (venom)
rCold    . . .     Gourm    .   (no shield)
rNeg     + . .     Faith    .   a - +0 robe
rPois    .         Spirit   .   (no helmet)
rElec    .         Reflect  .   (no cloak)
rCorr    .         Harm     .   (no gloves)
MR       .....     Clarity  +   e - +0 pair of boots
Stlth    ++........             (no amulet)
HPRegen  0.13/turn              h - ring of positive energy
MPRegen  0.14/turn              (no ring)

@: no status effects
A: clarity, fire resistance 1, high mp 1, robust 1, subdued magic 1
a: no special abilities


You were on level 2 of the Dungeon.
You were not hungry.

You visited 1 branch of the dungeon, and saw 2 of its levels.

You collected 88 gold pieces.

Inventory:

Hand Weapons
 i - a +2 dagger of venom (weapon)
Armour
 a - a +0 robe (worn)
 e - a +0 pair of boots (worn)
Jewellery
 h - a ring of positive energy (left hand)
Scrolls
 f - a scroll of noise {unknown}
 g - 2 scrolls of blinking
 k - a scroll of identify
Potions
 d - 2 potions of flight {unknown}
 l - a potion of ambrosia
Books
 b - a book of Frost

   Spells                             Type                      Level
   a - Freeze                         Ice                          1
   b - Throw Frost                    Conjuration/Ice              2
   c - Ozocubu's Armour               Charms/Ice                   3
   d - Throw Icicle                   Conjuration/Ice              4
   e - Summon Ice Beast               Ice/Summoning                4
Comestibles
 c - a bread ration
 j - a chunk of flesh


   Skills:
 - Level 1.7 Dodging
 - Level 1.7 Stealth
 - Level 5.0 Spellcasting
 - Level 1.0 Conjurations
 + Level 2.8 Ice Magic


You couldn't memorise any spells.
You knew the following spells:

 Your Spells              Type           Power        Failure   Level  Hunger
a - Freeze                Ice            ##..         2%          1    None
b - Throw Frost           Conj/Ice       ##....       6%          2    None
c - Ozocubu's Armour      Chrm/Ice       #.......     16%         3    ##.....
d - Throw Icicle          Conj/Ice       ##......     38%         4    ####...
e - Summon Ice Beast      Ice/Summ       #.......     47%         4    ####...


Dungeon Overview and Level Annotations

Branches:
Dungeon (2/15)


Innate Abilities, Weirdness & Mutations

You have an increased reservoir of magic. (+10% MP)
You possess an exceptional clarity of mind.
Your flesh is heat resistant. (rF+)
You are robust. (+10% HP)
Your spells are a little easier to cast, but a little less powerful.


Message History

You freeze the gnoll.
The gnoll is heavily wounded.
The gnoll barely misses you.
Casting: Freeze
Confirm with . or Enter, or press ? or * to list all spells.
Aiming: Freeze
Press: ? - help, Shift-Dir - straight line, f/p - gnoll
Aim: a gnoll, wielding a whip (heavily wounded)
You freeze the gnoll.
You kill the gnoll!
Casting: Freeze
Confirm with . or Enter, or press ? or * to list all spells.
Aiming: Freeze
Press: ? - help, Shift-Dir - straight line, f - leopard gecko
Aim: a leopard gecko (clinging)
You freeze the leopard gecko.
The leopard gecko is lightly wounded.
The leopard gecko misses you.
The gnoll hits you from afar with a halberd!
You die...

#.########...#
#######.#
#...######
........######
#.........
#.......#
#.#.#####.
##.####.# #.#.# #.
#...##.# #.#.#####.
#....#.###.#....##.
#.....#....####.##.
##@..#.##### #.##.
##l##.# #.##. #g##.
#.##. #gS....#
#.##. gg.#.#.#
#.##. ........
#.##. ##...#.
.######.##.
.............<....
.#.## ############


You could see 2 gnolls, an adder, a leopard gecko and a hobgoblin.

Vanquished Creatures
  Sigmund (D:2)
  A gnoll (D:2)
  2 adders (D:2)
  A worm (D:2)
  A dart slug (D:1)
  2 giant cockroaches
  6 goblins
  7 hobgoblins
  A ball python (D:1)
  7 bats
  2 frilled lizards (D:1)
  6 kobolds
  4 rats (D:1)
41 creatures vanquished.

Notes
Turn   | Place    | Note
-------+----------+-------------------------------------------
     0 | D:1      | Gildeon the Demigod Ice Elementalist began the quest for the Orb.
     0 | D:1      | Reached XP level 1. HP: 14/14 MP: 5/5
    93 | D:1      | Reached skill level 2 in Spellcasting
   289 | D:1      | Reached XP level 2. HP: 20/20 MP: 5/8
   325 | D:1      | Learned a level 2 spell: Throw Frost
   427 | D:1      | Reached skill level 1 in Conjurations
   969 | D:1      | Reached skill level 3 in Spellcasting
  1487 | D:1      | Gained mutation: You possess an exceptional clarity of mind. [potion of mutation]
  1487 | D:1      | Gained mutation: You are robust. (+10% HP) [potion of mutation]
  1487 | D:1      | Gained mutation: Your spells are a little easier to cast, but a little less powerful. [potion of mutation]
  1487 | D:1      | Gained mutation: Your flesh is heat resistant. (rF+) [potion of mutation]
  1579 | D:2      | Noticed Sigmund
  1582 | D:2      | Reached XP level 3. HP: 27/28 MP: 6/10
  1872 | D:1      | Learned a level 3 spell: Ozocubu's Armour
  1889 | D:2      | Killed Sigmund
  1889 | D:2      | Reached skill level 4 in Spellcasting
  1889 | D:2      | Reached XP level 4. HP: 29/36 MP: 3/13
  1889 | D:2      | Reached XP level 5. HP: 33/41 MP: 3/15
  1996 | D:2      | Learned a level 4 spell: Throw Icicle
  2118 | D:2      | Found a stormy altar of Qazlal.
  2198 | D:2      | Reached skill level 5 in Spellcasting
  2208 | D:2      | Learned a level 4 spell: Summon Ice Beast
  2456 | D:2      | Slain by a gnoll

Vault maps used:
D:1:      onia_arrival_mini_maze_b
D:2:      grunt_qazlal_clouds, uniq_sigmund

Skill      XL: |  1  2  3  4  5 |
---------------+----------------+-----
Spellcasting   | 2 3 4 5 |  5.0
Conjurations   | 1 |  1.0
Dodging        | |  1.7
Stealth        | |  1.7
Ice Magic      | |  2.8

Action                   |  1- 3 |  4- 6 || total
-------------------------+-------+-------++-------
Melee: Unarmed           |     4 |       ||     4
       Club              |     2 |       ||     2
       Dagger            |       |     2 ||     2
 Cast: Freeze            |    46 |    27 ||    73
       Throw Frost       |     3 |       ||     3
  Use: Scroll            |     7 |       ||     7
       Potion            |     1 |       ||     1
  Eat: Bread ration      |     1 |       ||     1
       Chunk             |     1 |       ||     1
Armor: Robe              |     9 |     5 ||    14
Dodge: Dodged            |    24 |    27 ||    51

Table legend:
 A = Spawn XP
 B = Non-spawn XP
 C = Spawn XP percentage of total XP
 D = Spawn monster count
 E = Non-spawn monster count
 F = Spawn count percentage of total count
 G = Total turns spent on level
                    A         B        C        D         E        F      G
               +---------+---------+-------+---------+---------+-------+---------
         Total |       0 |     325 |   0.0 |       0 |      41 |   0.0 |  2456
               +---------+---------+-------+---------+---------+-------+---------
           D:1 |       0 |      43 |   0.0 |       0 |      27 |   0.0 |  1862
           D:2 |       0 |     282 |   0.0 |       0 |      14 |   0.0 |   594
               +---------+---------+-------+---------+---------+-------+---------
